 Dungeon Crawl Stone Soup version 0.18-a0-1293-g5a2c81a (webtiles) character file.

16 Duffy the Firebug (level 2, 15/15 HPs)
             Began as a Deep Elf Fire Elementalist on Feb 10, 2016.
             Quit the game on level 1 of the Dungeon.
             The game lasted 00:00:46 (315 turns).

Duffy the Firebug (Deep Elf Fire Elementalist)       Turns: 315, Time: 00:00:46

Health: 15/15      AC:  3    Str:  5    XL:     2   Next: 37%
Magic:  8/8        EV: 13    Int: 19    God:
Gold:   42         SH:  0    Dex: 15    Spells: 1 memorised, 6 levels left

rFire  . . .     SeeInvis .     d - +3 whip
rCold  . . .     Gourm    .     a - +0 robe
rNeg   . . .     Faith    .     (no shield)
rPois  .         Spirit   .     (no helmet)
rElec  .         Dismiss  .     g - +0 cloak
rCorr  .         Reflect  .     (no gloves)
SustAt .         Harm     .     (no boots)
MR     .....     Rnd*Tele +     (no amulet)
Stlth  ++........               (no ring)
                                i - ring of teleportation (curse)

@: not resistant to hostile enchantments, unstealthy
A: no striking features
a: no special abilities


You were on level 1 of the Dungeon.
You were not hungry.

You visited 1 branch of the dungeon, and saw 1 of its levels.

You collected 42 gold pieces.


   Skills:
 - Level 2.4 Dodging
 - Level 2.4 Stealth
 - Level 3.0 Spellcasting
 + Level 2.7 Conjurations
 - Level 3.2 Fire Magic


You had 6 spell levels left.
You knew the following spells:

 Your Spells              Type           Power        Failure   Level  Hunger
a - Flame Tongue          Conj/Fire      ##...        6%          1    None

Inventory:

Hand Weapons
 d - a +3 whip (weapon)
Armour
 a - a +0 robe (worn)
 g - a +0 cloak (worn)
Jewellery
 i - a cursed ring of teleportation (left hand)
Books
 b - a book of Flames
Comestibles
 c - a bread ration
 f - a beef jerky

Dungeon Overview and Level Annotations

Branches:
Dungeon (1/15)

Altars:


Message History

Aim: a giant gecko The flame tongue hits the giant gecko.
The giant gecko is moderately wounded.
Cast which spell? (? or * to list)
Aiming: Flame Tongue
Press: ? - help, Shift-Dir - straight line, f/p - giant gecko
Aim: a giant gecko (moderately wounded, clinging)
The flame tongue hits the giant gecko.
You kill the giant gecko!
Wear which item? (? for menu, Esc to quit)
You start putting on your armour.
You continue putting on your cloak. x4
You finish putting on your +0 cloak.
Your magical contamination has completely faded away.
Magic restored.
Things that are here:
a club; a bat corpse; a hobgoblin corpse
Found a scroll labeled MIBOKH GYOTAKK.
h - a scroll labeled ZEGUNNYREYTT You see here a short sword.
Found a stone staircase leading down.
i - a brass ring Put on which piece of jewellery? (? for menu, Esc to quit)
You feel slightly jumpy.
Oops, that ring feels deathly cold.
i - a cursed ring of teleportation (left hand)
You now have 42 gold pieces (gained 5).
Read which item? (? for menu, Esc to quit)
As you read the scroll labeled YREIBB GIRCHEMN, it crumbles to dust.
The air around you briefly surges with heat, but it dissipates.
It was a scroll of immolation.
Read which item? (? for menu, Esc to quit)
You can't read that!
Read which item? (? for menu, Esc to quit)
As you read the scroll labeled ZEGUNNYREYTT, it crumbles to dust.
You feel aware of your surroundings.
It was a scroll of magic mapping.
Are you sure you want to abandon this character and quit the game? (Confirm with "yes".)

*****,,,,,,,,**
#######..........,,**
#.......?#.........,*
#........#..........#
#?.......#..........#
#........#..........#
#...................#
#>...............%.#*
#.....@............##
#########.).........###
#...)..........
#........###.#.
#........###..#
****##.####.......#
**,,,...# ####.....
*,.#############....
*,#~..#.....#..##...


There were no monsters in sight!

Action                   || total
-------------------------++-------
 Cast: Flame Tongue      ||    21
  Use: Scroll            ||     2

Notes
Turn   | Place    | Note
--------------------------------------------------------------
     0 | D:1      | Duffy the Deep Elf Fire Elementalist began the quest for the Orb.
     0 | D:1      | Reached XP level 1. HP: 10/10 MP: 6/6
    94 | D:1      | Reached skill level 2 in Conjurations
   154 | D:1      | Reached XP level 2. HP: 15/15 MP: 2/8
   315 | D:1      | Quit the game

Vault maps used:
D:1:      enne_arrival_octagon_isle, st_stairs_11, minmay_misc_feat_x

Vanquished Creatures
  3 giant geckos
  4 bats
  A goblin
  A hobgoblin
  A kobold
  A giant newt
  A rat
12 creatures vanquished.
